 Dungeon Crawl Stone Soup version 0.31-a0-889-g1a8549509d (webtiles) character file.

Game seed: 10196131082940910815

2 Kurtz the Sneak (level 1, 0/21 HPs)
             Began as a Naga Delver on Oct 16, 2023.
             Slain by an orc
             ... wielding a +0 mace
              (4 damage)
             ... on level 5 of the Dungeon.
             The game lasted 00:00:18 (48 turns).

Kurtz the Sneak (Naga Delver)                         Turns: 48, Time: 00:00:19

Health: 0/21       AC:  1    Str: 14    XL:     1   Next: 30%
Magic:  1/1        EV:  9    Int: 10    God:
Gold:   0          SH:  0    Dex: 12    Spells: 0/0 levels left

rFire   . . .        a - +0 hand axe
rCold   . . .        (no shield)
rNeg    . . .        b - +0 leather armour
rPois   +            (no helmet)
rElec   .            (no cloak)
rCorr   .            (no gloves)
SInv    +            (no barding)
Will    .....        (no amulet)
Stlth   +++          (no ring)
HPRegen 0.23/turn    (no ring)
MPRegen 0.07/turn

%: no passive effects
@: very slow
A: AC +0, large, see invisible, deformed body, poison resistance, slowness 2,
spit poison 1, naga tail 1
a: Spit Poison


You were on level 5 of the Dungeon.
You visited 1 branch of the dungeon, and saw 1 of its levels.

Inventory:

Hand Weapons
 a - a +0 hand axe (weapon)
Armour
 b - a +0 leather armour (worn)
Wands
 g - a wand of digging (3)
Scrolls
 c - a scroll of fog
 d - a scroll of revelation
 e - a scroll of fear
 h - a scroll of identify {unknown}
Potions
 f - a potion of haste


   Skills:
 - Level 3.0 Fighting
 * Level 2.2 Axes
 - Level 1.5 Dodging
 - Level 7.2 Stealth


You couldn't memorise any spells.
You didn't know any spells.
Your spell library was empty.

Dungeon Overview and Level Annotations

Branches:
Dungeon (5/15)
 Temple: D:4-7

Altars:

Annotations:
D:5 exclusion: scorpion


Innate Abilities, Weirdness & Mutations

Your serpentine skin is tough. (AC +0)
You have supernaturally acute eyesight. (SInv)
Armour fits poorly on your strangely shaped body.
Your system is resistant to poisons. (rPois)
You cover ground very slowly.
You can spit poison.
You have a snake-like lower body.


Message History

You can't see that place. [the floor.] Placed new exclusion.
An orc wizard comes into view. It is wielding a +0 dagger.
An orc comes into view. It is wielding a +0 mace.
An orc comes into view. It is wielding a +0 club.
The orc wizard shouts!
You hear a shout!
An orc comes into view. It is wielding a +0 hand axe.
An orc comes into view. It is wielding a +0 short sword.
The orc moves out of view.
Aiming: Spit Poison (3% risk of failure)
Press: ? - help, Shift-Dir - straight line, f - orc wizard
Aim: an orc wizard, wielding a +0 dagger and wearing a +0 robe (43% to hit)
The splash of poison misses the orc wizard.
The splash of poison hits the orc!
The orc is poisoned.
You kill the orc!
The orc shouts!
The orc wizard attacks as it pursues you!
The orc wizard hits you with a +0 dagger.
The orc wizard attacks as it pursues you!
The orc wizard hits you with a +0 dagger.
You have got your breath back.
The orc wizard attacks as it pursues you!
The orc wizard barely misses you.
The orc wizard gestures wildly while chanting.
The orc wizard flickers and vanishes for a moment.
The orc wizard gestures at you while chanting.
You resist with significant effort. The orc attacks as it pursues you!
The orc barely misses you. The orc attacks as it pursues you!
The orc hits you with a +0 hand axe. The orc hits you with a +0 mace!
The orc misses you. The orc closely misses you.
The orc wizard hits you with a +0 dagger.
The orc attacks as it pursues you! The orc completely misses you.
The orc attacks as it pursues you! The orc closely misses you.
The orc hits you with a +0 mace. The orc attacks as it pursues you!
The orc hits you with a +0 mace.
* * * LOW HITPOINT WARNING * * *
The orc attacks as it pursues you! The orc hits you with a +0 mace.
You die...

####.....>#####
.#. ..# #.#....#
.... .# #.#....#
## ## #
#.#....######
#.#...oo..o.#
#......####o#
###########.####
#...o...#
#.##@##.#
#.......# #
.........#
.#.#.###.# # #.
.# # .. .# ..


You could see an orc wizard (invisible) and 2 orcs.

Vanquished Creatures
  An orc (D:5)
1 creature vanquished.

Notes
Turn   | Place    | Note
-------+----------+-------------------------------------------
     0 | D:5      | Kurtz the Naga Delver began the quest for the Orb.
     0 | D:5      | Reached XP level 1. HP: 21/21 MP: 1/1
    10 | D:5      | Noticed a scorpion
    26 | D:5      | Noticed an orc wizard
    48 | D:5      | Slain by an orc

Illustrated notes

Levels and vault maps discovered:
D:5:      layout_loops_cross, eat_drink_and_be_merry_uskayaw,
          nicolae_overflow_two_pavilions, minmay_temple_entry_statues_fountains,
          minmay_misc_feat_iff, fountainhead

Action                     || total
---------------------------++-------
Ability: Spit Poison       ||     1
 Armour: Leather armour    ||     8
  Dodge: Dodged            ||     6

Table legend: (Time is in decaauts)
 A = Elapsed time spent in this place.
 B = Non-inter-level travel time spent in this place.
 C = Inter-level travel time spent in this place.
 D = Time resting spent in this place.
 E = Time spent auto-exploring this place.
 F = Levels seen in this place.
 G = Mean time per level.
                   A        B        C        D        E       F      G
               +--------+--------+--------+--------+--------+-----+--------+
         Total |     66 |     66 |      0 |      0 |     12 |   1 |   66.0 |
       Dungeon |     66 |     66 |      0 |      0 |     12 |   1 |   66.0 |
               +--------+--------+--------+--------+--------+-----+--------+

Top non-repeatable levels by time:
     D:5: 66 daAuts
